AoeStats
← perromelocoton

Black Forest

504253755Analyzed
1v1 RM · 27d ago on Sep 4, 2026· 27m 29s· 2 players
Game mode
Random Map
Map size
Tiny (2 player)
Population
200
Speed
Normal
Resources
Standard
Victory
Conquest
Starting age
Dark Age
Ending age
Imperial Age
RankedLock teamsTeams togetherTeam positionsShared explorationLock speedFull tech treeHidden civsTurbo modeCheats
Victory
Defeat
🇪🇸 Britons · Spain
929
+17
🇪🇸 Celts · Spain
947
-17
perromelocoton
6:01 Loom
8:43 Loom
11:05 Feudal Age
11:44 Double-Bit Axe
13:05 Fishing Lines
15:13 Fletching
19:39 Castle Age
19:29 Forging
19:19 Man-at-Arms
19:52 Horse Collar
20:14 Gambesons
22:29 Arson
22:38 Long Swordsman
24:17 Scale Mail Armor
25:33 Wheelbarrow
24:46 Pikeman
25:30 Squires
Northflyer
14:51 Feudal Age
14:20 Loom
19:14 Double-Bit Axe
22:03 Castle Age
22:12 Double-Bit Axe
Connection lost

Rejoining the realm…

Still unreachable

The connection could not be restored.

Session expired

The server has moved on; the page needs a fresh start.